 Dungeon Crawl Stone Soup version 0.32-a0-450-g080537f31e (webtiles) character file.

Game seed: 3526864572839145468

51 PriceMaster the Apothecary (level 3, 0/16 HPs)
             Began as a Spriggan Alchemist on Feb 23, 2024.
             Slain by a gnoll
             ... wielding a +0 flail
              (12 damage)
             ... on level 2 of the Dungeon on Feb 24, 2024.
             The game lasted 00:02:38 (1181 turns).

PriceMaster the Apothecary (Spriggan Alchemist)     Turns: 1181, Time: 00:02:38

Health: 0/16       AC:  2    Str:  6    XL:     3   Next: 57%
Magic:  4/8        EV: 17    Int: 16    God:
Gold:   25         SH:  0    Dex: 15    Spells: 7/8 levels left

rFire   . . .        b - +0 spear
rCold   . . .        (no shield)
rNeg    . . .        a - +0 robe
rPois   .            (helmet restricted)
rElec   .            (no cloak)
rCorr   .            (gloves unavailable)
SInv    +            (boots unavailable)
Will    .....        i - amulet of regeneration
Stlth   ++           (no ring)
HPRegen 1.02/turn    (no ring)
MPRegen 0.11/turn

%: no passive effects
@: very quick
A: very small, no large weapons, unfitting armour, see invisible, speed 3
a: no special abilities


You were on level 2 of the Dungeon.
You visited 1 branch of the dungeon, and saw 2 of its levels.

You collected 25 gold pieces.

Inventory:

Hand Weapons
 b - a +0 spear (weapon)
Armour
 a - a +0 robe (worn)
Jewellery
 i - an amulet of regeneration (around neck)
Scrolls
 e - a scroll of vulnerability {unknown}
 g - a scroll of identify {unknown}
 h - a scroll of blinking {unknown}
Potions
 c - a potion of haste {unknown}
 d - a potion of mutation {unknown}
 f - 2 potions of curing {unknown}


   Skills:
 + Level 3.0 Dodging
 + Level 3.5 Stealth
 + Level 3.3 Spellcasting
 + Level 0.9 Conjurations
 + Level 4.2 Alchemy


You had 7 spell levels left.
You knew the following spells:

 Your Spells              Type           Power      Damage    Failure   Level
a - Sting                 Conj/Alch      40%        1d5       6%          1

Your spell library contained the following spells:

 Spells                   Type           Power      Damage    Failure   Level
 Mercury Vapours          Alch/Air       18%        N/A       12%         2
 Mephitic Cloud           Conj/Alch/Air  8%         N/A       26%         3
 Olgreb's Toxic Radiance  Alch           16%        N/A       32%         4
 Sticky Flame             Fire/Alch      9%         2d5       58%         4


Dungeon Overview and Level Annotations

Branches:
Dungeon (2/15)

Altars:

Shops:
D:2 [


Innate Abilities, Weirdness & Mutations

You are very small and have problems with some larger weapons.
You are too small for most types of armour.
You have supernaturally acute eyesight. (SInv)
You cover ground extremely quickly. (Speed+++)


Message History

The gnoll attacks as it pursues you! The gnoll closely misses you.
You reach to attack!
You barely miss the gnoll.
The gnoll is heavily wounded.
You hit the gnoll.
The gnoll is severely wounded.
The gnoll barely misses you.
You hit the gnoll but do no damage.
The gnoll is severely wounded.
You kill the gnoll!
The gnoll attacks as it pursues you! The gnoll misses you.
You closely miss the gnoll.
A bat comes into view.
The gnoll completely misses you.
The bat moves out of view.
You hit the gnoll.
The gnoll is moderately wounded.
The gnoll barely misses you. x2
The gnoll misses you. The gnoll attacks as it pursues you!
The gnoll hits you from afar with a +0 spear.
You reach to attack!
You hit the gnoll.
The gnoll is severely wounded.
The gnoll hits you with a +0 flail!
Ouch! That really hurt!
You are too injured to fight recklessly!
Casting: Sting (safe; 6% risk of failure)
Confirm with . or Enter, or press ? or * to list all spells.
Aiming: Sting (safe; 6% risk of failure)
Press: ? - help, Shift-Dir - straight line, f/p - gnoll
Aim: a gnoll, wielding a +0 flail (severely wounded, 75% to hit)
The sting misses the gnoll.
Unknown command.
Casting: Sting (safe; 6% risk of failure)
Confirm with . or Enter, or press ? or * to list all spells.
Aiming: Sting (safe; 6% risk of failure)
Press: ? - help, Shift-Dir - straight line, f/p - gnoll
Aim: a gnoll, wielding a +0 flail (severely wounded, 75% to hit)
The sting misses the gnoll.
The sting hits the gnoll.
The gnoll is poisoned.
The gnoll is moderately wounded.
The gnoll attacks as it pursues you! The gnoll hits you with a +0 flail!
Ouch! That really hurt!
You die...

##.# #<# ##'## ##.# #...# #..#
#...# ###)## #...### ####.g.#
##....###..g.###
###...##g#############
#.#.#..##..........#
#.#@g.###....(.....# ##.#####
#..........# ##ß.ß###
#..).......# #########..∩...#
#..........#
#.........ß.ß#.####.†........#
#...........#.......)........#
#........####.#####..........#
####........#
#.#.........<....#
...#...(....#
#.#.##.#.###.#####


You could see 3 gnolls.

Vanquished Creatures
  A gnoll (D:2)
  7 ball pythons
  3 endoplasms (D:2)
  A giant cockroach (D:1)
  3 goblins
  7 hobgoblins
  7 jackals (D:1)
  2 kobolds
  A bat (D:2)
  4 rats
36 creatures vanquished.

Notes
Turn   | Place    | Note
-------+----------+-------------------------------------------
     0 | D:1      | PriceMaster the Spriggan Alchemist began the quest for the
                  | Orb.
     0 | D:1      | Reached XP level 1. HP: 9/9 MP: 5/5
   155 | D:1      | Reached XP level 2. HP: 13/13 MP: 3/6
   562 | D:1      | Reached XP level 3. HP: 14/16 MP: 1/8
   725 | D:1      | You fall into a shaft and drop 1 floor!
   737 | D:2      | Found Nuonunt's Antique Armour Shop.
  1163 | D:2      | Reached skill level 4 in Alchemy
  1181 | D:2      | Slain by a gnoll

Illustrated notes

Levels and vault maps discovered:
D:1:      evilmike_arrival_plus, layout_basic, minmay_surrounded
D:2:      layout_basic, serial_shops, nicolae_shop_tiny_statue_garden

Skill      XL: |  1  2  3 |
---------------+----------+-----
Spellcasting   | 3 |  3.3
Dodging        | 3 |  3.0
Alchemy        | 4 |  4.2
Stealth        | |  3.5
Conjurations   | |  0.9

Action                     || total
---------------------------++-------
  Melee: Spear             ||    24
         Unarmed           ||     5
   Cast: Sting             ||    67
    Use: Potion            ||     2
         Scroll            ||     1
 Armour: Robe              ||    22
  Dodge: Dodged            ||    60

Table legend: (Time is in decaauts)
 A = Elapsed time spent in this place.
 B = Non-inter-level travel time spent in this place.
 C = Inter-level travel time spent in this place.
 D = Time resting spent in this place.
 E = Time spent auto-exploring this place.
 F = Levels seen in this place.
 G = Mean time per level.
                   A        B        C        D        E       F      G
               +--------+--------+--------+--------+--------+-----+--------+
         Total |    959 |    959 |      0 |     97 |    651 |   2 |  479.5 |
       Dungeon |    959 |    959 |      0 |     97 |    651 |   2 |  479.5 |
               +--------+--------+--------+--------+--------+-----+--------+

Top non-repeatable levels by time:
     D:1: 604 daAuts
     D:2: 355 daAuts
